Map: Arktische Tore

Players

XesaXen

  • Race: Zerg Zerg
  • League: Master
  • Spawn Location: 3:00

Pitjuh

  • Race: Zerg Zerg
  • Spawn Location: 0:00

RiseAgainst - Winner!

  • Race: Terran Terran
  • League: Diamond
  • Spawn Location: 0:00

Panda - Winner!

  • Race: Zerg Zerg
  • League: Platinum
  • Spawn Location: 9:00

VOD

Have the link to the VOD?

Description

Time

  • Played on: Aug. 31, 2017, 1:12 p.m.
  • Length: 14:00
Show
View Real Time Build Order
Export as new Build Order

XesaXen Zerg 

Build Orders: Pool First 

Get SALT Encoding   

  12  0:00  Drone  
  13  0:12  Overlord  
  13  0:18  Drone  
  14  0:31  Drone x2  
  14  0:34  Drone  
  17  0:44  Extractor  
  17  0:47  Spawning Pool  
  15  0:50  Drone  
  15  0:56  Drone  
  17  1:18  Hatchery  
  16  1:20  Drone  
  16  1:24  Drone  
  18  1:28  Drone  
  19  1:40  Queen  
  21  1:47  Metabolic Boost  
  21  2:08  Hatchery  
  20  2:17  Queen  
  22  2:31  Baneling Nest  
  22  2:32  Zergling x4  
  22  2:35  Drone  
  24  2:37  Drone  
  24  2:40  Drone  
  26  2:44  Drone  
  26  2:50  Drone  
  28  2:53  Overlord  
  28  3:11  Queen  
  28  3:12  Drone x3  
  33  3:17  Overlord  
  33  3:33  Drone x6  
  33  3:34  Drone  
  40  3:35  Baneling  
  40  3:36  Baneling  
  40  3:37  Baneling  
  40  3:39  Baneling  
  40  3:44  Zergling x4  
  40  3:47  Zergling x4  
  44  3:56  Queen  
  44  4:00  Queen  
  48  4:07  Queen  
  50  4:15  Spore Crawler  
  50  4:16  Spore Crawler  
  48  4:18  Spore Crawler, Drone x3  
  50  4:31  Overlord x3  
  50  4:49  Drone x11  
  61  5:00  Drone  
  61  5:01  Drone x2  
  61  5:02  Lair  
  64  5:09  Extractor  
  64  5:10  Extractor, Roach Warren  
  64  5:13  Drone x3  
  64  5:28  Drone x8  
  73  5:34  Extractor  
  72  5:37  Extractor  
  72  5:41  Drone x4  
  74  5:43  Extractor  
  74  5:44  Drone  
  74  5:45  Overlord  
  74  5:46  Overlord x2  
  74  5:59  Overlord  
  74  6:02  Infestation Pit  
  74  6:03  Drone  
  74  6:07  Evolution Chamber  
  74  6:08  Evolution Chamber  
  72  6:19  Drone x5  
  72  6:25  Drone x4  
  80  6:26  Drone x4  
  80  6:28  Glial Reconstitution  
  80  6:29  Overlord  
  85  6:37  Overseer  
  85  6:40  Hive, Pneumatized Carapace  
  85  6:42  Burrow  
  85  6:44  Zerg Missile Weapons Level 1  
  85  6:58  Zerg Ground Armor Level 1  
  85  7:02  Roach  
  85  7:03  Roach x6  
  99  7:11  Roach  
  99  7:12  Roach x4  
  109  7:38  Spore Crawler  
  108  7:44  Roach  
  108  7:45  Roach x2  
  108  7:46  Overlord  
  108  7:47  Overlord x5  
  101  8:13  Drone x2  
  101  8:14  Drone x2  
  101  8:15  Drone x2  
  101  8:16  Drone  
  104  8:28  Roach x12  
  104  8:30  Pathogen Glands  
  128  8:41  Roach x3  
  128  8:50  Roach x3  
  122  9:05  Zerg Ground Armor Level 2, Zerg Missile Weapons Level 2  
  120  9:11  Roach  
  120  9:12  Roach x8  
  126  9:18  Roach  
  118  9:24  Roach x2  
  118  9:25  Roach x2  
  118  9:29  Queen x3  
  134  9:31  Roach x3  
  138  9:40  Infestor x4  
  146  9:47  Infestor  
  146  9:49  Overlord x4  
  148  9:55  Roach x3  
  154  10:00  Overlord x2  
  140  10:27  Roach  
  140  10:28  Roach x12  
  152  10:38  Roach x5  
  154  10:46  Overseer  
  154  10:48  Ravager x3  
  154  10:49  Ravager  
  158  10:52  Ravager  
  159  11:01  Roach  
  159  11:02  Roach x5  
  171  11:13  Roach x6  
  171  11:16  Ravager  
  171  11:17  Hatchery  
  171  11:18  Extractor  
  182  11:21  Extractor  
  167  11:30  Roach  
  167  11:31  Roach x9  
  157  11:53  Roach x5  
  157  11:54  Roach x5  
  175  12:13  Hatchery  
  162  12:26  Drone x3  
  162  12:28  Drone x3  
  168  12:43  Ravager  
  169  12:44  Ravager  
  169  12:46  Ravager x2  
  169  12:47  Ravager x4  
  169  12:49  Roach  
  169  12:50  Roach x4  
  186  12:55  Overseer  
  186  12:59  Roach x3  
  186  13:00  Roach  
  194  13:09  Roach x2  
  198  13:30  Overseer  
Show
View Real Time Build Order
Export as new Build Order

Pitjuh Zerg 

Build Orders: Pool First 

Get SALT Encoding   

  12  0:01  Drone  
  13  0:13  Overlord  
  13  0:18  Drone  
  14  0:33  Drone  
  14  0:34  Drone  
  16  0:37  Drone  
  17  0:48  Spawning Pool  
  16  0:53  Extractor  
  15  1:10  Drone x2  
  15  1:11  Drone  
  18  1:31  Hatchery  
  17  1:36  Queen  
  19  1:41  Drone  
  19  1:44  Drone  
  21  1:51  Overlord  
  21  1:58  Metabolic Boost  
  21  2:08  Overlord  
  21  2:10  Drone  
  22  2:27  Drone  
  22  2:28  Drone  
  24  2:34  Queen  
  26  2:38  Drone  
  27  2:45  Queen  
  27  2:46  Drone  
  27  2:47  Drone  
  27  2:50  Drone  
  32  2:54  Drone  
  32  2:57  Drone  
  34  3:02  Drone  
  34  3:05  Drone  
  36  3:06  Drone  
  37  3:13  Drone  
  38  3:33  Drone x2  
  40  3:37  Lair  
  40  3:40  Spore Crawler, Hatchery  
  40  3:41  Extractor  
  37  3:42  Drone  
  38  3:51  Roach Warren  
  38  3:53  Zergling x4  
  37  4:20  Drone  
  38  4:29  Drone  
  38  4:30  Overlord x2  
  38  4:31  Drone  
  40  4:35  Glial Reconstitution  
  40  4:36  Roach x2  
  44  4:47  Queen  
  44  4:48  Evolution Chamber  
  44  4:50  Spore Crawler, Roach, Drone  
  44  4:51  Roach, Zergling x2  
  44  4:52  Evolution Chamber  
  49  4:59  Drone x2  
  51  5:02  Spine Crawler  
  51  5:06  Roach  
  52  5:07  Drone  
  52  5:13  Queen  
  51  5:29  Spore Crawler  
  50  5:46  Drone x2  
  52  5:51  Spore Crawler, Drone  
  52  6:03  Drone x2  
  53  6:06  Drone x3  
  53  6:10  Drone x2  
  53  6:11  Drone  
  59  6:16  Drone  
  60  6:29  Drone x2  
  60  6:30  Overlord, Drone x2  
  60  6:31  Overlord  
  64  6:44  Drone x2  
  64  6:45  Extractor x2, Drone  
  65  6:48  Spine Crawler  
  65  6:51  Zerg Ground Armor Level 1, Zerg Missile Weapons Level 1  
  64  6:54  Hatchery  
  64  6:58  Pneumatized Carapace  
  64  7:01  Roach x2  
  67  7:05  Overseer  
  67  7:09  Roach  
  67  7:10  Roach x3  
  67  7:15  Roach, Zergling x4  
  78  7:18  Roach  
  78  7:19  Zergling x2  
  78  7:54  Hatchery  
  78  7:55  Lair  
  78  7:57  Drone x2  
  76  7:58  Spine Crawler  
  76  8:02  Drone  
  76  8:09  Drone x4  
  76  8:10  Drone x2  
  82  8:18  Drone  
  82  8:19  Overlord x2  
  79  8:20  Overlord  
  79  8:22  Extractor x2  
  56  8:36  Roach x2  
  56  8:38  Roach x2  
  56  8:39  Roach  
  64  8:42  Roach  
  64  8:44  Roach  
  66  9:05  Drone  
  67  9:10  Drone  
  68  9:22  Spine Crawler, Drone  
  68  9:23  Spore Crawler  
  67  9:24  Drone x2  
  67  9:25  Drone x4  
  73  9:31  Drone  
  73  9:35  Spore Crawler, Spine Crawler  
  73  9:36  Spine Crawler  
  73  9:37  Drone  
  73  9:38  Drone  
  70  9:41  Drone  
  71  9:54  Drone  
  71  9:56  Queen  
  71  9:58  Overlord x3, Drone, Roach Warren  
  74  10:02  Drone x3  
  77  10:08  Spine Crawler  
  76  10:29  Drone  
  76  10:32  Drone  
  78  10:40  Roach x4  
  78  10:41  Roach x4, Overlord  
  94  10:43  Overlord  
  94  10:50  Zerg Missile Weapons Level 2  
  94  10:55  Evolution Chamber  
  93  10:59  Hydralisk Den, Drone x3  
  93  11:03  Drone x2  
  97  11:05  Drone  
  89  11:19  Roach  
  89  11:20  Roach x5  
  89  11:21  Roach x3  
  89  11:22  Roach  
  110  11:25  Roach  
  110  11:29  Roach  
  110  11:32  Roach  
  110  11:33  Roach  
  110  11:36  Roach  
  100  11:43  Hydralisk  
  100  11:44  Roach  
  102  12:02  Hydralisk x2  
  102  12:03  Hydralisk  
  102  12:05  Hatchery  
  107  12:16  Drone  
  107  12:17  Roach  
  110  12:29  Lurker Den  
  110  12:30  Hydralisk x2  
  114  12:38  Spine Crawler  
  114  12:42  Spine Crawler  
  112  12:55  Drone x2  
  114  13:03  Hydralisk  
  114  13:05  Overlord x2  
  116  13:12  Hatchery  
  115  13:20  Hydralisk x3  
  115  13:22  Drone  
  115  13:23  Hydralisk  
  124  13:36  Extractor x2, Drone  
Show
View Real Time Build Order
Export as new Build Order

RiseAgainst Terran - Winner!

Build Orders: Command Center First (CC), Liberator Opening, MMM Bio 

Get SALT Encoding   

  12  0:00  SCV  
  13  0:12  SCV  
  14  0:18  Supply Depot  
  14  0:25  SCV  
  15  0:39  SCV  
  16  0:51  SCV  
  17  1:02  Command Center  
  17  1:05  SCV  
  18  1:17  Barracks  
  18  1:21  SCV  
  19  1:26  Refinery  
  19  1:33  SCV  
  19  1:35  Refinery  
  20  1:45  SCV  
  22  2:05  Orbital Command, Marine  
  22  2:13  Factory  
  22  2:22  Orbital Command  
  21  2:24  Barracks Reactor  
  21  2:31  SCV  
  22  2:43  SCV  
  23  2:46  Barracks  
  23  2:47  SCV  
  24  2:55  SCV  
  25  3:05  Hellion x2  
  29  3:06  SCV  
  29  3:10  Barracks Tech Lab  
  30  3:15  SCV  
  30  3:18  SCV  
  32  3:21  Starport  
  32  3:24  Supply Depot  
  32  3:27  SCV  
  32  3:28  Hellion  
  32  3:32  Hellion  
  37  3:34  SCV  
  38  3:41  Stimpack  
  38  3:45  SCV  
  38  3:46  Supply Depot  
  39  3:49  SCV  
  39  3:51  Liberator  
  40  3:57  SCV  
  40  3:58  Hellion x2  
  45  4:05  SCV  
  45  4:09  SCV  
  50  4:10  Barracks Reactor  
  50  4:16  Supply Depot  
  50  4:17  SCV  
  51  4:25  SCV  
  51  4:30  Marine  
  53  4:36  SCV  
  53  4:37  SCV  
  55  4:39  Barracks  
  55  4:40  Barracks  
  55  4:48  SCV  
  56  4:57  Command Center, SCV  
  56  4:59  Marine x3  
  60  5:04  Starport Reactor  
  60  5:07  SCV  
  61  5:15  SCV  
  62  5:22  Supply Depot  
  62  5:23  Engineering Bay  
  62  5:24  Engineering Bay  
  62  5:25  Supply Depot, Refinery x2  
  62  5:26  Supply Depot  
  62  5:43  Marine x3, SCV x2  
  62  5:44  Marine  
  62  5:45  Marine x2  
  62  5:46  Medivac x2  
  74  5:55  SCV x2  
  76  6:09  Marine x5, Barracks Reactor  
  76  6:10  Barracks  
  76  6:11  Terran Infantry Armor Level 1, Terran Infantry Weapons Level 1  
  78  6:15  Orbital Command  
  78  6:18  Medivac x2  
  82  6:23  Armory  
  82  6:26  Marine  
  83  6:35  Combat Shields  
  83  6:36  Marine x4  
  83  6:37  Factory Tech Lab  
  87  6:40  Supply Depot  
  87  6:44  Marine  
  88  6:48  SCV x2  
  88  6:54  Marine  
  90  7:00  SCV x2  
  91  7:02  Barracks Reactor  
  91  7:03  Marine x6  
  91  7:04  Armory  
  97  7:11  Marine  
  84  7:40  Marine x6, Marauder  
  84  7:41  Marine x2  
  87  7:48  Medivac x2  
  84  7:58  Marine x2  
  84  8:00  Terran Vehicle Weapons Level 1  
  84  8:01  Marauder  
  84  8:05  Terran Infantry Weapons Level 2  
  82  8:23  Marine x4, Marauder  
  82  8:24  Marine x4  
  91  8:40  Marine  
  91  8:41  Medivac x2, Marine  
  97  8:44  Marine x2, Marauder  
  97  8:45  Marine x4  
  105  8:58  Marine x2  
  105  9:02  Marine  
  108  9:07  Marine  
  109  9:12  Medivac x2, Marine  
  106  9:22  Terran Infantry Armor Level 2  
  106  9:23  Supply Depot  
  106  9:24  Supply Depot  
  106  9:25  Refinery  
  106  9:26  SCV x3  
  106  9:27  Refinery  
  106  9:28  Marine x3  
  106  9:29  Marine x6  
  118  9:31  Barracks  
  118  9:38  SCV x2  
  117  9:57  Marine x5, Marauder  
  117  9:58  Marine x3  
  127  10:00  Medivac x2  
  129  10:15  Marine x2  
  122  10:28  Marine x3, Marauder  
  123  10:29  Marine x4  
  123  10:31  Terran Infantry Weapons Level 3  
  123  10:32  Terran Vehicle Weapons Level 2  
  123  10:33  Supply Depot, Siege Tank, Marine  
  123  10:35  Supply Depot x2, Medivac x2, Factory  
  118  11:31  Marine x5, Marauder  
  118  11:32  Marine x4  
  122  11:33  Medivac x2  
  120  11:49  Marine x2  
  120  11:50  Marine x4  
  120  11:51  Marine x3  
  120  11:52  Marauder  
  117  12:04  SCV  
  117  12:05  SCV x2  
  117  12:06  Marine  
  117  12:07  Marine  
  122  12:14  Marauder  
  124  12:16  SCV  
  124  12:17  SCV x2  
  124  12:18  Factory Tech Lab  
  124  12:19  Siege Tank  
  124  12:21  Supply Depot  
  130  12:23  Supply Depot  
  130  12:29  SCV x2  
  132  12:35  Marauder  
  134  12:37  Siege Tank  
  137  12:44  Medivac  
  137  12:45  Medivac, Marine x3  
  137  12:46  Marine x6  
  150  12:52  Siege Tank  
  150  12:56  Marauder  
  155  13:03  Marine  
  156  13:08  Marine  
  156  13:09  Siege Tank, Marine x7  
  167  13:13  Supply Depot  
  167  13:15  Supply Depot  
  167  13:18  Marauder  
  169  13:21  Marine  
  169  13:24  Siege Tank  
Show
View Real Time Build Order
Export as new Build Order

Panda Zerg - Winner!

Build Orders: Hatch First 

Get SALT Encoding   

  12  0:01  Drone  
  13  0:13  Drone  
  14  0:17  Overlord  
  14  0:36  Drone  
  14  0:37  Drone x2  
  17  0:56  Hatchery  
  16  0:59  Drone  
  17  1:15  Spawning Pool  
  16  1:28  Drone x3  
  19  1:34  Extractor  
  18  1:44  Drone  
  19  1:59  Drone  
  20  2:02  Queen  
  22  2:11  Overlord  
  22  2:12  Drone  
  23  2:16  Drone  
  23  2:18  Queen  
  23  2:21  Drone  
  23  2:22  Drone  
  28  2:29  Drone  
  29  2:33  Drone  
  30  2:37  Metabolic Boost  
  30  2:41  Zergling x2  
  31  2:55  Queen  
  31  2:58  Drone  
  34  3:10  Hatchery  
  34  3:12  Drone  
  34  3:13  Drone  
  34  3:15  Drone  
  34  3:16  Overlord x2  
  36  3:21  Extractor  
  36  3:22  Extractor  
  34  3:35  Lair  
  34  3:45  Drone x3  
  37  4:00  Evolution Chamber  
  36  4:03  Evolution Chamber  
  36  4:04  Drone x4  
  36  4:05  Drone  
  40  4:25  Drone  
  40  4:31  Zerg Ground Armor Level 1  
  41  4:32  Zerg Missile Weapons Level 1  
  41  4:34  Overlord  
  41  4:39  Zergling x2  
  42  4:54  Overlord x4  
  42  4:55  Overlord  
  42  4:58  Drone x2  
  44  5:11  Drone x6  
  50  5:21  Roach Warren  
  50  5:22  Zergling x6  
  50  5:24  Zergling x2  
  50  5:26  Drone  
  54  5:32  Drone x2  
  54  5:34  Drone  
  54  5:35  Drone x2  
  59  5:39  Drone x2  
  61  5:49  Drone  
  62  5:51  Drone  
  63  6:03  Roach x4  
  63  6:04  Roach x6  
  83  6:06  Glial Reconstitution  
  83  6:17  Hydralisk Den  
  82  6:19  Roach  
  82  6:20  Roach x4  
  82  6:21  Roach  
  94  6:28  Overlord x3  
  94  6:48  Roach  
  94  6:49  Roach x9  
  94  6:50  Hydralisk  
  94  6:52  Zergling x2  
  117  6:55  Overlord  
  117  7:09  Queen  
  117  7:11  Drone x3  
  117  7:12  Overlord x3  
  117  7:13  Overlord  
  122  7:26  Zerg Missile Weapons Level 2  
  122  7:29  Zerg Ground Armor Level 2  
  122  7:31  Roach  
  122  7:32  Roach x4  
  131  7:45  Roach  
  131  7:46  Roach x6  
  134  8:03  Roach, Hydralisk  
  134  8:04  Hydralisk x5  
  144  8:07  Unknown  
  138  8:21  Roach  
  138  8:22  Roach x3  
  144  8:31  Roach, Hydralisk  
  144  8:32  Hydralisk  
  140  8:58  Roach x2  
  140  8:59  Roach x6  
  126  9:23  Roach x7  
  130  9:38  Muscular Augments  
  130  9:41  Drone  
  131  9:53  Roach  
  131  9:54  Roach x4  
  131  9:55  Zergling x4  
  131  9:56  Overlord  
  139  10:14  Roach x6  
  139  10:15  Roach  
  143  10:24  Hatchery  
  143  10:26  Roach  
  143  10:27  Roach x3  
  136  10:47  Roach  
  136  10:48  Roach x6  
  150  10:53  Hatchery  
  149  11:11  Roach x3  
  71  11:41  Roach x2  
  71  11:42  Roach x11  
  91  11:48  Drone x2  
  93  12:00  Infestation Pit  
  92  12:13  Drone  
  92  12:14  Queen, Drone  
  96  12:16  Drone  
  96  12:18  Extractor  
  96  12:19  Extractor, Drone x2  
  97  12:28  Roach  
  97  12:29  Roach x10  
  119  12:34  Drone  
  120  12:40  Hive  
  120  12:43  Zergling x6  
  123  12:57  Drone  
  123  12:58  Drone x2  
  126  12:59  Extractor  
  126  13:01  Extractor  
  124  13:09  Ravager x3  
  127  13:18  Roach x3  
  127  13:19  Zergling x20  
  144  13:20  Zergling x2  
Tags
 
Add a new tag
Caveats
  • Supply blocks, unpowered buildings, or Contaminate may cause inaccurate times.
  • Supply counts are checked every 10 seconds.